 Dungeon Sprint DCSS version 0.28-a0-258-g8de209e91f (webtiles) character file.

Game seed: 4191361076248035840

84 nicanaca0 the Magician (level 4, -3/37 HPs)
             Began as a Gnoll Wanderer on Aug 26, 2021.
             Was an Initiate of Gozag.
             Slain by a wraith (8 damage)
             ... in the Dungeon (Sprint IX: "|||||||||||||||||||||||||||||").
             The game lasted 00:01:40 (648 turns).

nicanaca0 the Magician (Gnoll Wanderer)              Turns: 648, Time: 00:01:40

Health: -3/37      AC:  9    Str:  9    XL:     4   Next: 45%
Magic:  13/13      EV: 11    Int: 17    God:    Gozag
Gold:   0          SH:  0    Dex: 15    Spells: 18/18 levels left

rFire   . . .      SeeInvis .   n - +0 lajatang (spect)
rCold   . . .      Faith    .   (shield currently unavailable)
rNeg    . . .      Spirit   .   u - +2 ring mail
rPois   .          Reflect  .   s - +0 helmet
rElec   .          Harm     .   (no cloak)
rCorr   .          Rampage  .   (no gloves)
Will    .....      NoTele   +   r - +0 pair of boots
Stlth   ++........              (no amulet)
HPRegen 0.12/turn               t - +3 ring of dexterity
MPRegen 0.13/turn               v - +3 ring of intelligence

@: very slightly contaminated, slowed, very slow
A: fangs 1, strong nose, distributed training
a: Renounce Religion, Potion Petition, Call Merchant, Bribe Branch


You were in the Dungeon.
You worshipped Gozag.
Gozag was noncommittal.
You visited 1 branch

Inventory:

Hand Weapons
 a - a +2 spear
 l - a +2 vorpal halberd
 m - a +1 broad axe of freezing
 n - a +0 spectral lajatang (weapon)
 o - a +2 morningstar of protection
 p - a +2 rapier of distortion
 q - a +2 scimitar of flaming
Armour
 c - a +0 robe
 r - a +0 pair of boots (worn)
 s - a +0 helmet (worn)
 u - a +2 ring mail (worn)
Jewellery
 t - a +3 ring of dexterity (left hand)
 v - a +3 ring of intelligence (right hand)
Wands
 k - a wand of iceblast (10)
Scrolls
 i - 2 scrolls of blinking
 j - 2 scrolls of amnesia
Potions
 b - a potion of lignification
 d - 5 potions of curing {@q1}
 e - 3 potions of heal wounds {@q2}
 f - a potion of haste
 g - 4 potions of magic


   Skills:
 + Level 3.8 Fighting
 + Level 2.7 Short Blades
 + Level 2.7 Long Blades
 + Level 2.7 Axes
 + Level 2.7 Maces & Flails
 + Level 7.1 Polearms
 + Level 2.7 Staves
 + Level 2.7 Slings
 + Level 2.7 Bows
 + Level 2.7 Crossbows
 + Level 3.8 Throwing
 + Level 2.7 Armour
 + Level 3.8 Dodging
 + Level 2.7 Stealth
 + Level 3.8 Shields
 + Level 2.7 Unarmed Combat
 + Level 7.7 Spellcasting
 + Level 2.2 Conjurations
 + Level 2.2 Hexes
 + Level 2.2 Summonings
 + Level 2.2 Necromancy
 + Level 2.2 Translocations
 + Level 2.2 Transmutations
 + Level 2.2 Fire Magic
 + Level 2.2 Ice Magic
 + Level 2.2 Air Magic
 + Level 2.2 Earth Magic
 + Level 2.2 Poison Magic
 + Level 3.0 Invocations
 + Level 2.7 Evocations


You had 18 spell levels left.
You didn't know any spells.
Your spell library contained the following spells:

 Spells                   Type           Power      Damage    Failure   Level
 Searing Ray              Conj           28%        3d4       19%         2
 Static Discharge         Conj/Air       14%        N/A       19%         2


Dungeon Overview and Level Annotations

Branches:
Dungeon (1/1)

Altars:
Cheibriados
Dithmenos
Elyvilon
Fedhas
Gozag
Hepliaklqana
Kikubaaqudgha
Makhleb
Nemelex Xobeh
Okawaru
Qazlal
Ru
Sif Muna
Trog
Uskayaw
Vehumet
Wu Jian
Xom
Yredelemnul
Zin
The Shining One
Beogh
Jiyva
Lugonu


Innate Abilities, Weirdness & Mutations

You have very sharp teeth.
Your uncanny sense of smell can sniff out nearby items.
Your experience applies equally to all skills.


Message History

Your Necromancy skill increases to level 2!
Your Translocations skill increases to level 2!
Your Transmutations skill increases to level 2!
Your Fire Magic skill increases to level 2!
Your Ice Magic skill increases to level 2!
Your Air Magic skill increases to level 2!
Your Earth Magic skill increases to level 2!
Your Poison Magic skill increases to level 2!
Your Invocations skill increases to level 3!
You hit the wraith but do no damage. The wraith hits you.
The wraith drains your vigour!
You feel yourself slow down. The wraith closely misses you.
You closely miss the wraith. The wraith closely misses you.
The wraith hits you! The wraith drains your vigour!
You feel as though you will be slow longer.
You barely miss the wraith.
The wraith hits you but does no damage. x2
You closely miss the wraith. The wraith hits you.
You closely miss the wraith.
The acid dragon roars!
The wraith hits you but does no damage. The wraith hits you.
The wraith drains your vigour!
You feel as though you will be slow longer.
You closely miss the wraith.
You flicker for a moment.
The wraith hits you but does no damage. The wraith misses you.
Okay, then.
You barely miss the wraith. The wraith hits you. The wraith drains your vigour!
You feel as though you will be slow longer.
The wraith hits you but does no damage.
You closely miss the wraith. You bite the wraith, but do no damage.
The wraith closely misses you. The wraith barely misses you.
You hit the wraith but do no damage.
You flicker back into view.
The wraith misses you. The wraith hits you!
* * * LOW HITPOINT WARNING * * *
The wraith drains your vigour!
You feel as though you will be slow longer.
You hit the wraith but do no damage. The wraith hits you!
You die...
Your body crumbles into a pile of gold.

∆
▓+▓
$ ∆
▓.▓
$
▓.▓
$ $
▓W▓
$
▓o▓
$ ∆
▓{▓
∆
▓D▓
$ $
▓W▓
∆
▓@▓
$
▓.▓
▓.▓
$
▓.▓
▓.▓
$
▓.▓
$
▓.▓
$
▓.▓
$
▓.▓


You could see 2 wraiths, an orc warrior and an acid dragon.

Vanquished Creatures
  2 iguanas (D)
  An orc wizard (D)
  2 ball pythons (D)
  A bat skeleton (D)
  An endoplasm (D)
  A giant cockroach (D)
  A kobold (D)
  2 ball python zombies (D)
11 creatures vanquished.

Notes
Turn   | Place    | Note
-------+----------+-------------------------------------------
     0 | D        | nicanaca0 the Gnoll Wanderer began the quest for the Orb.
     0 | D        | nicanaca0 set off with the following items: a +2 spear, a
                  | potion of lignification, a +0 robe, a potion of curing
                  | {@q1}, a potion of heal wounds {@q2}, a potion of haste, 2
                  | potions of magic, a potion of berserk rage, a scroll of
                  | blinking; and the following spells available to memorise:
                  | Searing Ray, Static Discharge
     0 | D        | Reached XP level 1. HP: 17/17 MP: 8/8
     4 | D        | Banished a spatial maelstrom
    19 | D        | Reached skill level 1 in Invocations
    28 | D        | Reached skill level 1 in Short Blades
    28 | D        | Reached skill level 1 in Long Blades
    28 | D        | Reached skill level 1 in Axes
    28 | D        | Reached skill level 1 in Maces & Flails
    28 | D        | Reached skill level 1 in Staves
    28 | D        | Reached skill level 1 in Slings
    28 | D        | Reached skill level 1 in Bows
    28 | D        | Reached skill level 1 in Crossbows
    28 | D        | Reached skill level 1 in Armour
    28 | D        | Reached skill level 1 in Stealth
    28 | D        | Reached skill level 1 in Unarmed Combat
    28 | D        | Reached skill level 1 in Evocations
   229 | D        | Noticed an iguana
   229 | D        | Noticed an iguana
   240 | D        | Killed an iguana
   241 | D        | Reached skill level 1 in Conjurations
   241 | D        | Reached skill level 1 in Hexes
   241 | D        | Reached skill level 1 in Summonings
   241 | D        | Reached skill level 1 in Necromancy
   241 | D        | Reached skill level 1 in Translocations
   241 | D        | Reached skill level 1 in Transmutations
   241 | D        | Reached skill level 1 in Fire Magic
   241 | D        | Reached skill level 1 in Ice Magic
   241 | D        | Reached skill level 1 in Air Magic
   241 | D        | Reached skill level 1 in Earth Magic
   241 | D        | Reached skill level 1 in Poison Magic
   241 | D        | Reached XP level 2. HP: 8/24 MP: 10/10
   241 | D        | Reached XP level 3. HP: 9/29 MP: 11/11
   245 | D        | Reached XP level 4. HP: 5/35 MP: 11/13
   543 | D        | Found a snail-covered altar of Cheibriados.
   543 | D        | Found a shadowy altar of Dithmenos.
   543 | D        | Found a white marble altar of Elyvilon.
   543 | D        | Found a blossoming altar of Fedhas.
   543 | D        | Found an opulent altar of Gozag.
   544 | D        | Found a hazy altar of Hepliaklqana.
   545 | D        | Found a viscous altar of Jiyva.
   546 | D        | Found an ancient bone altar of Kikubaaqudgha.
   547 | D        | Found a corrupted altar of Lugonu.
   548 | D        | Found a burning altar of Makhleb.
   549 | D        | Found a sparkling altar of Nemelex Xobeh.
   550 | D        | Found an iron altar of Okawaru.
   551 | D        | Became a worshipper of Gozag Ym Sagoz the Greedy
   552 | D        | Found a stormy altar of Qazlal.
   553 | D        | Found a sacrificial altar of Ru.
   554 | D        | Found a shimmering blue altar of Sif Muna.
   555 | D        | Found a bloodstained altar of Trog.
   556 | D        | Found a hide-covered altar of Uskayaw.
   557 | D        | Found a radiant altar of Vehumet.
   558 | D        | Found an ornate altar of the Wu Jian Council.
   559 | D        | Found a shimmering altar of Xom.
   560 | D        | Found a basalt altar of Yredelemnul.
   561 | D        | Found a glowing silver altar of Zin.
   562 | D        | Found a glowing golden altar of the Shining One.
   621 | D        | Noticed a wraith
   621 | D        | Noticed an orc warrior
   621 | D        | Noticed an acid dragon
   621 | D        | Noticed a wraith
   648 | D        | Slain by a wraith

Illustrated notes

Levels and vault maps discovered:
D:        linesprint [early_d, line_temple, items_1, d_10, items_2, lair_1,
          lair_end, items_3, orc_1, orc_end, items_4, d_15, swamp_1, shoals_1,
          snake_1, spider_1, d_20, vaults_1, items_5, swamp_end, shoals_end,
          snake_end, spider_end, vaults_end, d_27, items_6, zot_1, zot_end,
          crypt_end, forest_end, elf_end, slime_end, tomb_end, abyss_end,
          pan_hell_end]

Skill      XL: |  1  2  3  4 |
---------------+-------------+-----
Invocations    | 2 3 |  3.0
Short Blades   | 1 2 |  2.7
Long Blades    | 1 2 |  2.7
Axes           | 1 2 |  2.7
Maces & Flails | 1 2 |  2.7
Staves         | 1 2 |  2.7
Slings         | 1 2 |  2.7
Bows           | 1 2 |  2.7
Crossbows      | 1 2 |  2.7
Armour         | 1 2 |  2.7
Stealth        | 1 2 |  2.7
Unarmed Combat | 1 2 |  2.7
Evocations     | 1 2 |  2.7
Fighting       | 3 |  3.8
Throwing       | 3 |  3.8
Dodging        | 3 |  3.8
Shields        | 3 |  3.8
Conjurations   | 1 2 |  2.2
Hexes          | 1 2 |  2.2
Summonings     | 1 2 |  2.2
Necromancy     | 1 2 |  2.2
Translocations | 1 2 |  2.2
Transmutations | 1 2 |  2.2
Fire Magic     | 1 2 |  2.2
Ice Magic      | 1 2 |  2.2
Air Magic      | 1 2 |  2.2
Earth Magic    | 1 2 |  2.2
Poison Magic   | 1 2 |  2.2
Polearms       | 7 |  7.1
Spellcasting   | |  7.7

Action                   |  1- 3 |  4- 6 || total
-------------------------+-------+-------++-------
Melee: Spear             |    36 |     5 ||    41
       Bite              |     4 |     2 ||     6
       Lajatang          |       |    20 ||    20
  Use: Potion            |     1 |     1 ||     2
 Stab: Invisible         |       |     2 ||     2
Armor: Robe              |     4 |       ||     4
       Ring mail         |       |    13 ||    13
Dodge: Dodged            |    12 |    15 ||    27

Table legend: (Time is in decaauts)
 A = Elapsed time spent in this place.
 B = Non-inter-level travel time spent in this place.
 C = Inter-level travel time spent in this place.
 D = Time resting spent in this place.
 E = Time spent auto-exploring this place.
 F = Levels seen in this place.
 G = Mean time per level.
                   A        B        C        D        E       F      G
               +--------+--------+--------+--------+--------+-----+--------+
         Total |    653 |    653 |      0 |    490 |     12 |   1 |  653.0 |
       Dungeon |    653 |    653 |      0 |    490 |     12 |   1 |  653.0 |
               +--------+--------+--------+--------+--------+-----+--------+

Top non-repeatable levels by time:
       D: 653 daAuts
